NYP
EVERETT AQUASOX @ MAHONING VALLEY SCRAPPERS
04/09/2047
 
TOP OF THE 1ST
Everett AquaSox batting - Pitching for Mahoning Valley Scrappers : LHP Tim Fried
Pitching: LHP Tim Fried
Batting: LHB Addisu Nyamekye 0-0: Ball
1-0: Foul Ball, location: 2F
1-1: Swinging Strike
1-2: Ball
2-2: Foul Ball, location: 2F
2-2: Foul Ball, location: 2F
2-2: SOLO HOME RUN (Line Drive, 9D, EV 98.8 MPH), Distance : 382 ft
Batting: RHB Doug Carter 0-0: Ball
1-0: Ball
2-0: Ground out 4-3 (Groundball, 4S, EV 71.2 MPH)
Batting: LHB Jason Kinney 0-0: Foul Ball, location: 2F
0-1: Called Strike
0-2: Ground out 4-3 (Groundball, 4, EV 89.4 MPH)
Batting: RHB Jose Zuniga 0-0: Called Strike
0-1: Foul Ball, location: 2F
0-2: Ball
1-2: Ground out 4-3 (Groundball, 13, EV 85.0 MPH)
Top of the 1st over - 1 run, 1 hit, 0 errors, 0 left on base; Everett 1 - Mahoning Valley 0
BOTTOM OF THE 1ST
Mahoning Valley Scrappers batting - Pitching for Everett AquaSox : RHP Terry Jeffrey
Pitching: RHP Terry Jeffrey
Batting: RHB Mitch Boyd 0-0: Called Strike
0-1: Ball
1-1: Fly out, F8 (Flyball, 8RS, EV 74.4 MPH)
Batting: RHB Sergio Zamora 0-0: Called Strike
0-1: Foul Ball, location: 2F
0-2: Ground out 5-3 (Groundball, 56S, EV 81.9 MPH)
Batting: LHB Vinny Carreno 0-0: Called Strike
0-1: Foul Ball, location: 2F
0-2: Ball
1-2: Ground out 6-3 (Groundball, 6, EV 92.5 MPH)
Bottom of the 1st over - 0 runs, 0 hits, 0 errors, 0 left on base; Everett 1 - Mahoning Valley 0
TOP OF THE 2ND
Everett AquaSox batting - Pitching for Mahoning Valley Scrappers : LHP Tim Fried
Batting: LHB Chris Jackson 0-0: Called Strike
0-1: Ball
1-1: Foul Ball, location: 2F
1-2: Ground out 4-3 (Groundball, 4M, EV 85.6 MPH)
Batting: RHB Heihachiro Fujita 0-0: Foul Ball, location: 2F
0-1: Fly out, F9 (Flyball, 9D, EV 101.2 MPH)
Batting: RHB Tze-meng Li 0-0: SINGLE (Groundball, 56, EV 101.9 MPH)
Batting: RHB David Greene 0-0: Ball
1-0: Ball
2-0: Swinging Strike
2-1: Ball
3-1: Foul Ball, location: 2F
3-2: Base on Balls
Tze-meng Li to second
Batting: RHB Ziven Badersky 0-0: Foul Ball, location: 2F
0-1: Ball
1-1: Called Strike
1-2: Foul Ball, location: 2F
1-2: Foul Ball, location: 2F
1-2: Ball
2-2: Strikes out swinging
Top of the 2nd over - 0 runs, 1 hit, 0 errors, 2 left on base; Everett 1 - Mahoning Valley 0
BOTTOM OF THE 2ND
Mahoning Valley Scrappers batting - Pitching for Everett AquaSox : RHP Terry Jeffrey
Batting: RHB Ricky Deen 0-0: Ball
1-0: Fly out, F9 (Flyball, 9D, EV 81.9 MPH)
Batting: LHB Ben Rubenacker 0-0: SINGLE (Groundball, 6S, EV 72.5 MPH) (infield hit)
Batting: RHB Chris Folse 0-0: Called Strike
0-1: Foul Ball, location: 2F
0-2: Ball
1-2: Foul Ball, location: 2F
1-2: Ball
2-2: Ball
3-2: Base on Balls
Ben Rubenacker to second
Batting: RHB Josh Stinnett 0-0: Ball
1-0: Called Strike
1-1: Ball
2-1: Ball
3-1: Base on Balls
Ben Rubenacker to third
Chris Folse to second
Batting: RHB Tyler Farver 0-0: Ball
1-0: Called Strike
1-1: Ball
2-1: Ball
3-1: Base on Balls
Ben Rubenacker scores
Chris Folse to third
Josh Stinnett to second
Batting: RHB Seth Rutz 0-0: Called Strike
0-1: Foul Ball, location: 2F
0-2: Grounds into double play, 6-4-3 (Groundball, 6, EV 81.2 MPH)
Bottom of the 2nd over - 1 run, 1 hit, 0 errors, 2 left on base; Everett 1 - Mahoning Valley 1
TOP OF THE 3RD
Everett AquaSox batting - Pitching for Mahoning Valley Scrappers : LHP Tim Fried
Batting: LHB Addisu Nyamekye 0-0: Foul Ball, location: 2F
0-1: Ball
1-1: Foul Ball, location: 2F
1-2: Ball
2-2: Strikes out looking
Batting: RHB Doug Carter 0-0: Ball
1-0: Ball
2-0: Ground out 4-3 (Groundball, 4, EV 91.9 MPH)
Batting: LHB Jason Kinney 0-0: Foul Ball, location: 2F
0-1: Foul Ball, location: 2F
0-2: Strikes out swinging
Top of the 3rd over - 0 runs, 0 hits, 0 errors, 0 left on base; Everett 1 - Mahoning Valley 1
BOTTOM OF THE 3RD
Mahoning Valley Scrappers batting - Pitching for Everett AquaSox : RHP Terry Jeffrey
Batting: RHB Mitch Boyd 0-0: Ball
1-0: Called Strike
1-1: Ball
2-1: Foul Ball, location: 2F
2-2: Strikes out looking
Batting: RHB Sergio Zamora 0-0: Ball
1-0: Swinging Strike
1-1: Fly out, F8 (Flyball, 78S, EV 95.6 MPH)
Batting: LHB Vinny Carreno 0-0: Called Strike
0-1: Ball
1-1: Swinging Strike
1-2: Foul Ball, location: 2F
1-2: Strikes out looking
Bottom of the 3rd over - 0 runs, 0 hits, 0 errors, 0 left on base; Everett 1 - Mahoning Valley 1
TOP OF THE 4TH
Everett AquaSox batting - Pitching for Mahoning Valley Scrappers : LHP Tim Fried
Batting: RHB Jose Zuniga 0-0: Fly out, F7 (Flyball, 78S, EV 72.5 MPH)
Batting: LHB Chris Jackson 0-0: Ball
1-0: Ball
2-0: Called Strike
2-1: Called Strike
2-2: DOUBLE (Groundball, 3L, EV 103.8 MPH)
Batting: RHB Heihachiro Fujita 0-0: Ball
1-0: Swinging Strike
1-1: Fly out, F9 (Flyball, 9, EV 79.4 MPH)
Batting: RHB Tze-meng Li 0-0: Called Strike
0-1: Ground out 1-3 (Groundball, 15S, EV 66.9 MPH)
Top of the 4th over - 0 runs, 1 hit, 0 errors, 1 left on base; Everett 1 - Mahoning Valley 1
BOTTOM OF THE 4TH
Mahoning Valley Scrappers batting - Pitching for Everett AquaSox : RHP Terry Jeffrey
Batting: RHB Ricky Deen 0-0: Foul Ball, location: 2F
0-1: Called Strike
0-2: Ball
1-2: Fly out, F9 (Flyball, 9LD, EV 88.8 MPH)
Batting: LHB Ben Rubenacker 0-0: Foul Ball, location: 2F
0-1: Ball
1-1: Ball
2-1: Ground out 4-3 (Groundball, 34, EV 90.6 MPH)
Batting: RHB Chris Folse 0-0: Called Strike
0-1: Ball
1-1: Swinging Strike
1-2: Hit by Pitch
Batting: RHB Josh Stinnett 0-0: Called Strike
0-1: Ball
1-1: Foul Ball, location: 2F
1-2: Ball
2-2: Ball
3-2: Base on Balls
Chris Folse to second
Batting: RHB Tyler Farver 0-0: Ball
1-0: DOUBLE (Line Drive, 78D, EV 108.8 MPH)
Chris Folse scores
Josh Stinnett to third
Runner from 3rd tries for Home, throw by LF and OUT! 7-6-2
Bottom of the 4th over - 1 run, 1 hit, 0 errors, 1 left on base; Everett 1 - Mahoning Valley 2
TOP OF THE 5TH
Everett AquaSox batting - Pitching for Mahoning Valley Scrappers : LHP Tim Fried
Batting: RHB David Greene 0-0: Ball
1-0: Ground out 6-3 (Groundball, 6, EV 85.6 MPH)
Batting: RHB Ziven Badersky 0-0: Ball
1-0: Ball
2-0: Called Strike
2-1: Swinging Strike
2-2: Strikes out swinging
Batting: LHB Addisu Nyamekye 0-0: Ball
1-0: Swinging Strike
1-1: Ball
2-1: Ball
3-1: Base on Balls
Batting: RHB Doug Carter 0-0: Ball
1-0: Called Strike
1-1: Ground out 4-3 (Groundball, 34S, EV 79.4 MPH)
Top of the 5th over - 0 runs, 0 hits, 0 errors, 1 left on base; Everett 1 - Mahoning Valley 2
BOTTOM OF THE 5TH
Mahoning Valley Scrappers batting - Pitching for Everett AquaSox : RHP Terry Jeffrey
Batting: RHB Seth Rutz 0-0: Called Strike
0-1: Swinging Strike
0-2: Ball
1-2: Foul Ball, location: 2F
1-2: Foul Ball, location: 2F
1-2: Ball
2-2: Foul Ball, location: 2F
2-2: Strikes out swinging
Batting: RHB Mitch Boyd 0-0: Ball
1-0: Ball
2-0: Foul Ball, location: 2F
2-1: Called Strike
2-2: Ground out 5-3 (Groundball, 56, EV 90.0 MPH)
Batting: RHB Sergio Zamora 0-0: Called Strike
0-1: Foul Ball, location: 2F
0-2: Ball
1-2: Strikes out swinging
Bottom of the 5th over - 0 runs, 0 hits, 0 errors, 0 left on base; Everett 1 - Mahoning Valley 2
TOP OF THE 6TH
Everett AquaSox batting - Pitching for Mahoning Valley Scrappers : LHP Tim Fried
Batting: LHB Jason Kinney 0-0: Called Strike
0-1: Foul Ball, location: 2F
0-2: Strikes out looking
Batting: RHB Jose Zuniga 0-0: Ball
1-0: Swinging Strike
1-1: Ground out 5-3 (Groundball, 5S, EV 92.5 MPH)
Batting: LHB Chris Jackson 0-0: Ball
1-0: Foul Ball, location: 2F
1-1: Foul Ball, location: 2F
1-2: Fly out, F9 (Flyball, 9LS, EV 90.0 MPH)
Top of the 6th over - 0 runs, 0 hits, 0 errors, 0 left on base; Everett 1 - Mahoning Valley 2
BOTTOM OF THE 6TH
Mahoning Valley Scrappers batting - Pitching for Everett AquaSox : RHP Terry Jeffrey
Pitching: RHP Jamie Johnston
Batting: LHB Vinny Carreno 0-0: Called Strike
0-1: Swinging Strike
0-2: Ball
1-2: Ball
2-2: Strikes out swinging
Batting: RHB Ricky Deen 0-0: Called Strike
0-1: Fly out, F9 (Flyball, 89M, EV 93.8 MPH)
Batting: LHB Ben Rubenacker 0-0: Called Strike
0-1: Swinging Strike
0-2: Foul Ball, location: 2F
0-2: Foul Ball, location: 2F
0-2: Ball
1-2: Ball
2-2: Strikes out swinging
Bottom of the 6th over - 0 runs, 0 hits, 0 errors, 0 left on base; Everett 1 - Mahoning Valley 2
TOP OF THE 7TH
Everett AquaSox batting - Pitching for Mahoning Valley Scrappers : LHP Tim Fried
Batting: RHB Heihachiro Fujita 0-0: SINGLE (Groundball, 56D, EV 97.5 MPH)
Batting: RHB Tze-meng Li 0-0: Called Strike
0-1: Foul Ball, location: 2F
0-2: Ball
1-2: Strikes out swinging
Batting: RHB David Greene 0-0: DOUBLE (Line Drive, 89D, EV 103.1 MPH)
Heihachiro Fujita to third
Pinch Hitting: RHB Jwahir Pili 0-0: Ground out 4-3 (Groundball, 4, EV 87.5 MPH)
Heihachiro Fujita scores
David Greene to third
Batting: LHB Addisu Nyamekye 0-0: Called Strike
0-1: Foul Ball, location: 2F
0-2: Ball
1-2: Strikes out swinging
Top of the 7th over - 1 run, 2 hits, 0 errors, 1 left on base; Everett 2 - Mahoning Valley 2
BOTTOM OF THE 7TH
Mahoning Valley Scrappers batting - Pitching for Everett AquaSox : RHP Jamie Johnston
Now at 1B: Bryan Shuller
Now at 2B: Addisu Nyamekye
Pinch Hitting: LHB Vinny Pena 0-0: Called Strike
0-1: SINGLE (Line Drive, 4MD, EV 94.4 MPH)
Batting: RHB Josh Stinnett 0-0: Sac Bunt to 2R - play at first, batter OUT! 2-3
Vinny Pena to second
Pinch Hitting: LHB Sam Ogg 0-0: Intentional Walk
Batting: RHB Seth Rutz 0-0: Swinging Strike
0-1: Swinging Strike
0-2: Strikes out looking
Batting: RHB Mitch Boyd 0-0: Ball
1-0: Foul Ball, location: 2F
1-1: Called Strike
1-2: Foul Ball, location: 2F
1-2: Ball
2-2: Strikes out swinging
Bottom of the 7th over - 0 runs, 1 hit, 0 errors, 2 left on base; Everett 2 - Mahoning Valley 2
TOP OF THE 8TH
Everett AquaSox batting - Pitching for Mahoning Valley Scrappers : LHP Tim Fried
Now at 3B: Adrian Martinelli
Now in CF: Mike Staley
Batting: RHB Doug Carter 0-0: Called Strike
0-1: Ball
1-1: Ball
2-1: Ground out 5-3 (Groundball, 56S, EV 65.0 MPH)
Batting: LHB Jason Kinney 0-0: Foul Ball, location: 2F
0-1: Ball
1-1: Ball
2-1: Swinging Strike
2-2: Fly out, F7 (Flyball, 7, EV 93.1 MPH)
Batting: RHB Jose Zuniga 0-0: Ball
1-0: Swinging Strike
1-1: Swinging Strike
1-2: Strikes out swinging
Top of the 8th over - 0 runs, 0 hits, 0 errors, 0 left on base; Everett 2 - Mahoning Valley 2
BOTTOM OF THE 8TH
Mahoning Valley Scrappers batting - Pitching for Everett AquaSox : RHP Jamie Johnston
Batting: RHB Sergio Zamora 0-0: Called Strike
0-1: Foul Ball, location: 2F
0-2: Ball
1-2: Ball
2-2: Foul Ball, location: 2F
2-2: Foul Ball, location: 2F
2-2: Ball
3-2: Ground out 6-3 (Groundball, 6, EV 82.5 MPH)
Pitching: RHP Aaron Black
Batting: LHB Vinny Carreno 0-0: Ball
1-0: Foul Ball, location: 2F
1-1: Called Strike
1-2: Ball
2-2: Strikes out swinging
Batting: RHB Ricky Deen 0-0: Called Strike
0-1: Called Strike
0-2: Ball
1-2: Fly out, F4 (Popup, 4MD, EV 43.1 MPH)
Bottom of the 8th over - 0 runs, 0 hits, 0 errors, 0 left on base; Everett 2 - Mahoning Valley 2
TOP OF THE 9TH
Everett AquaSox batting - Pitching for Mahoning Valley Scrappers : LHP Tim Fried
Pitching: RHP Jon Huizenga
Batting: LHB Chris Jackson 0-0: Ball
1-0: Called Strike
1-1: Called Strike
1-2: Strikes out swinging
Batting: RHB Heihachiro Fujita 0-0: Foul Ball, location: 2F
0-1: Ball
1-1: Ball
2-1: SINGLE (Line Drive, 7LM, EV 100.0 MPH)
Batting: RHB Tze-meng Li 0-0: Ball
1-0: Called Strike
1-1: Called Strike
1-2: Fly out, F4 (Popup, 4, EV 65.0 MPH)
Pinch Hitting: LHB William Gonzales 0-0: Ball
1-0: Swinging Strike
1-1: Swinging Strike
1-2: Foul Ball, location: 2F
1-2: Strikes out swinging
Top of the 9th over - 0 runs, 1 hit, 0 errors, 1 left on base; Everett 2 - Mahoning Valley 2
BOTTOM OF THE 9TH
Mahoning Valley Scrappers batting - Pitching for Everett AquaSox : RHP Aaron Black
Now at SS: Eddie Luna
Batting: LHB Ben Rubenacker 0-0: Ball
1-0: Swinging Strike
1-1: SINGLE (Line Drive, 4MD, EV 96.2 MPH)
Pinch Hitting: LHB Matt Steinke 0-0: Ball
1-0: Called Strike
1-1: Sac Bunt to 23 - play at first, batter OUT! 3-4
Ben Rubenacker to second
Batting: RHB Josh Stinnett 0-0: Ball
1-0: Fly out, F8 (Line Drive, 8RD, EV 85.6 MPH)
Batting: LHB Mike Staley 0-0: Ball
1-0: Foul Ball, location: 2F
1-1: Ball
2-1: Called Strike
2-2: SINGLE (Line Drive, 8RS, EV 108.1 MPH)
Ben Rubenacker to third
Pinch Hitting: LHB Alberto Chavez 0-0: Ball
1-0: Ball
2-0: Ball
3-0: Called Strike
3-1: Foul Ball, location: 2F
3-2: Strikes out swinging
Bottom of the 9th over - 0 runs, 2 hits, 0 errors, 2 left on base; Everett 2 - Mahoning Valley 2
TOP OF THE 10TH
Everett AquaSox batting - Pitching for Mahoning Valley Scrappers : RHP Jon Huizenga
Now at C: Vij Ramamani
Now at 3B: Knud Prins
Pinch Hitting: LHB Ryan Daniels 0-0: Foul Ball, location: 2F
0-1: Ball
1-1: Ball
2-1: Called Strike
2-2: Strikes out swinging
Batting: LHB Addisu Nyamekye 0-0: Foul Ball, location: 2F
0-1: Ball
1-1: DOUBLE (Line Drive, 9LD, EV 113.1 MPH)
Batting: RHB Doug Carter 0-0: Called Strike
0-1: Ball
1-1: Ball
2-1: Ball
3-1: Foul Ball, location: 2F
3-2: Ground out 3-1 (Groundball, 34, EV 86.9 MPH)
Addisu Nyamekye to third
Batting: LHB Jason Kinney 0-0: Intentional Walk
Batting: RHB Jose Zuniga 0-0: Called Strike
0-1: Called Strike
0-2: Strikes out swinging
Top of the 10th over - 0 runs, 1 hit, 0 errors, 2 left on base; Everett 2 - Mahoning Valley 2
BOTTOM OF THE 10TH
Mahoning Valley Scrappers batting - Pitching for Everett AquaSox : RHP Aaron Black
Pitching: RHP Ruben Mendoza
Now at 1B: Kinzo Yokoyama
Batting: RHB Mitch Boyd 0-0: Called Strike
0-1: Ball
1-1: Ball
2-1: Ball
3-1: Fly out, F6 (Popup, 6S, EV 71.9 MPH)
Batting: RHB Sergio Zamora 0-0: Ball
1-0: Foul Ball, location: 2F
1-1: Ground out 5-3 (Groundball, 56S, EV 82.5 MPH)
Batting: LHB Vinny Carreno 0-0: Ball
1-0: Ground out 5-3 (Groundball, 56S, EV 80.0 MPH)
Bottom of the 10th over - 0 runs, 0 hits, 0 errors, 0 left on base; Everett 2 - Mahoning Valley 2
TOP OF THE 11TH
Everett AquaSox batting - Pitching for Mahoning Valley Scrappers : RHP Jon Huizenga
Pitching: RHP Arturo Rojas
Batting: LHB Chris Jackson 0-0: Ball
1-0: Fly out, F8 (Flyball, 8LD, EV 86.2 MPH)
Batting: RHB Heihachiro Fujita 0-0: Ball
1-0: Ball
2-0: Foul Ball, location: 2F
2-1: Swinging Strike
2-2: Strikes out swinging
Batting: RHB Tze-meng Li 0-0: Ball
1-0: Foul Ball, location: 2F
1-1: Swinging Strike
1-2: Strikes out swinging
Top of the 11th over - 0 runs, 0 hits, 0 errors, 0 left on base; Everett 2 - Mahoning Valley 2
BOTTOM OF THE 11TH
Mahoning Valley Scrappers batting - Pitching for Everett AquaSox : RHP Ruben Mendoza
Batting: RHB Ricky Deen 0-0: Swinging Strike
0-1: Foul Ball, location: 2F
0-2: Foul Ball, location: 2F
0-2: Ball
1-2: Ball
2-2: Ball
3-2: Foul Ball, location: 2F
3-2: Foul Ball, location: 2F
3-2: Base on Balls
Batting: LHB Ben Rubenacker 0-0: Ball
1-0: Ball
2-0: Called Strike
2-1: Ball
3-1: Base on Balls
Ricky Deen to second
Pinch Hitting: LHB John Holst 0-0: Fly out, F5 (Line Drive, 6, EV 73.1 MPH)
Batting: RHB Josh Stinnett 0-0: Ball
1-0: Ball
2-0: Ball
3-0: Called Strike
3-1: Called Strike
3-2: Foul Ball, location: 2F
3-2: Strikes out swinging
Batting: LHB Mike Staley 0-0: Fly out, F8 (Flyball, 8LD, EV 74.4 MPH)
Bottom of the 11th over - 0 runs, 0 hits, 0 errors, 2 left on base; Everett 2 - Mahoning Valley 2
TOP OF THE 12TH
Everett AquaSox batting - Pitching for Mahoning Valley Scrappers : RHP Arturo Rojas
Now at 3B: Tai Joo
Batting: RHB Eddie Luna 0-0: Called Strike
0-1: Ball
1-1: Swinging Strike
1-2: Ball
2-2: Strikes out swinging
Batting: RHB Kinzo Yokoyama 0-0: Ball
1-0: Foul Ball, location: 2F
1-1: Called Strike
1-2: Ball
2-2: Strikes out swinging
Batting: LHB Addisu Nyamekye 0-0: Ball
1-0: Ball
2-0: Ball
3-0: Called Strike
3-1: Called Strike
3-2: Strikes out swinging
Top of the 12th over - 0 runs, 0 hits, 0 errors, 0 left on base; Everett 2 - Mahoning Valley 2
BOTTOM OF THE 12TH
Mahoning Valley Scrappers batting - Pitching for Everett AquaSox : RHP Ruben Mendoza
Pitching: RHP Jose Rios
Batting: RHB Vij Ramamani 0-0: Ball
1-0: Ball
2-0: Called Strike
2-1: Ball
3-1: Swinging Strike
3-2: Base on Balls
Batting: RHB Mitch Boyd 0-0: Ball
1-0: Bunted foul
1-1: Bunt missed!
1-2: Ball
2-2: Ball
Wild Pitch!
Vij Ramamani to second
3-2: Ground out 6-3 (Groundball, 6, EV 83.1 MPH)
Vij Ramamani to third
Batting: RHB Sergio Zamora 0-0: Ball
1-0: Foul Ball, location: 2F
1-1: Foul Ball, location: 2F
1-2: Ball
2-2: Ball
Passed Ball!
Vij Ramamani scores
Bottom of the 12th over - 1 run, 0 hits, 0 errors, 0 left on base; Everett 2 - Mahoning Valley 3
Thursday, December 15th , 2022 - OOTP Baseball 23.9 Build 102